cohdb
Replays
Latest Replays
All Replays
Popular Replays
Top Player Replays
Match Explorer
How It Works
Community
CoH3 Stats
Reddit
Sign in to upload your games and track your stats! →
Sign in with Steam
Match 43368738
Unlisted
Match 43368738
Overview
Messages
Build Orders
End
Construct Barracks
Riflemen Squad
1⁄4-ton 4x4 Truck
Selects Armored Battlegroup
Selects Veteran Crews
Riflemen Squad
Riflemen Squad
Infantry Support Center
Grenade Package
Engineer Squad
M1918 Browning Automatic Rifles
Construct Medical Station
Construct Weapon Support Center
Construct Motor Pool
Selects Strength in Steel
M24 Chaffee Light Tank
M1 Anti-tank Gun Team
Selects M8 Scott SPG
Advanced Logistics
M8 Scott SPG
Engineer Squad
Riflemen Squad
Construct Weapon Support Center
Riflemen Squad
M1 Anti-tank Gun Team
Selects M4A3E8 Sherman Combat Group
Selects Field Repairs
M4A3E8 Sherman Combat Group
Selects War Machine
Construct Tank Depot
M4A1 Sherman Medium Tank
M4(105) Sherman Bulldozer
只愛❤毛妹
Goliath
0
0
Comments
sign in to comment!
No comments posted yet!